 Dungeon Crawl Stone Soup version 0.23-a0-767-gdc19b93d68 (webtiles) character file.

334 EnegeticOcto the Firebug (level 6, 0/41 HPs)
             Began as a Demonspawn Fire Elementalist on Jan 25, 2019.
             Slain by a water moccasin skeleton (4 damage)
             ... on level 5 of the Dungeon.
             The game lasted 00:04:56 (4503 turns).

EnegeticOcto the Firebug (DsFE)                     Turns: 4503, Time: 00:04:57

Health: 0/41       AC:  5    Str:  9    XL:     6   Next: 27%
Magic:  8/11       EV: 12    Int: 23    God:
Gold:   184        SH:  0    Dex: 13    Spells: 5/11 levels left

rFire    . . .     SeeInvis .   r - +0 scimitar (venom)
rCold    . . .     Gourm    .   (no shield)
rNeg     . . .     Faith    .   a - +1 robe
rPois    .         Spirit   .   (helmet restricted)
rElec    .         Reflect  .   (no cloak)
rCorr    .         Harm     .   (no gloves)
MR       .....                  (no boots)
Stlth    ++........             (no amulet)
HPRegen  0.13/turn              k - +5 ring of intelligence
MPRegen  0.12/turn              (no ring)

@: no status effects
A: antennae 1, yellow scales 1, rot immunity
a: no special abilities


You were on level 5 of the Dungeon.
You were not hungry.

You visited 1 branch of the dungeon, and saw 5 of its levels.

You collected 184 gold pieces.

Inventory:

Hand Weapons
 r - a +0 scimitar of venom (weapon)
Armour
 a - a +1 robe (worn)
Jewellery
 k - a +5 ring of intelligence (left hand)
Wands
 q - a wand of clouds (5)
Scrolls
 b - 2 scrolls of teleportation
 d - a scroll of amnesia {unknown}
 h - 2 scrolls of enchant armour
 j - a scroll of enchant weapon {unknown}
 s - a scroll of remove curse {unknown}
 t - a scroll of fear {unknown}
Potions
 f - a potion of mutation
 g - a potion of flight
 i - 2 potions of ambrosia
 l - 3 potions of heal wounds {@q2}
 m - 2 potions of curing {@q1}
 n - a potion of lignification {@q6 !q}
 o - a potion of resistance {unknown}
 p - a potion of cancellation
Comestibles
 c - 9 rations
 u - 3 chunks of flesh


   Skills:
 - Level 1.7 Dodging
 - Level 1.7 Stealth
 + Level 3.3 Spellcasting
 - Level 1.8 Conjurations
 * Level 5.6 Fire Magic


You had 5 spell levels left.
You knew the following spells:

 Your Spells              Type           Power        Failure   Level  Hunger
a - Flame Tongue          Conj/Fire      ###..        2%          1    None
b - Throw Flame           Conj/Fire      ###...       3%          2    ##.....
c - Conjure Flame         Conj/Fire      ###.....     8%          3    ###....

Your spell library contained the following spells:

 Spells                   Type           Power        Failure   Level  Hunger
 Inner Flame              Hex/Fire       ###.....     11%         3    ###....
 Sticky Flame             Conj/Fire      ###.....     24%         4    ####...
 Fireball                 Conj/Fire      ###.......   56%         5    ######.


Dungeon Overview and Level Annotations

Branches:
Dungeon (5/15)
 Temple: D:4-7

Altars:
Hepliaklqana

Annotations:
D:2 Sigmund


Innate Abilities, Weirdness & Mutations

You have a pair of small antennae on your head.
You are partially covered in yellow scales. (AC +2)
You are immune to rotting.


Message History

The centaur hits you!
* * * LOW HITPOINT WARNING * * *
Casting: Flame Tongue (safe; 2% risk of failure)
Confirm with . or Enter, or press ? or * to list all spells.
Aiming: Flame Tongue (safe; 2% risk of failure)
Press: ? - help, Shift-Dir - straight line, f/p - centaur
Aim: a centaur (moderately wounded)
The flame tongue hits the centaur.
The centaur is heavily wounded.
The water moccasin skeleton barely misses you.
The centaur hits you but does no damage.
Casting: Flame Tongue (safe; 2% risk of failure)
Confirm with . or Enter, or press ? or * to list all spells.
Aiming: Flame Tongue (safe; 2% risk of failure)
Press: ? - help, Shift-Dir - straight line, f/p - centaur
Aim: a centaur (heavily wounded)
The flame tongue hits the centaur.
The centaur is severely wounded.
The centaur completely misses you. The water moccasin skeleton bites you.
You die...

# #.###
#....#######
#...c@(.(..#
#...Z#####.#
.......
..#.#
#######
#.#.# #.#.#
#.#.#
#########
######.#.#
#.......#
#........#
#........
#.####.###
#######.#


You could see a centaur and a water moccasin skeleton.

Vanquished Creatures
  A bullfrog (D:4)
  A bullfrog skeleton (D:4)
  An orc wizard (D:5)
  2 worker ants
  Ijyb (D:4)
  3 adders
  An ooze (D:3)
  2 worms
  A dart slug (D:2)
  3 leopard geckos
  9 orcs
  A ball python (D:3)
  4 bats
  3 giant cockroaches
  13 goblins
  8 hobgoblins
  15 jackals
  2 quokkas
  5 frilled lizards
  6 kobolds
  A quokka skeleton (D:4)
  5 rats
88 creatures vanquished.

Notes
Turn   | Place    | Note
-------+----------+-------------------------------------------
     0 | D:1      | EnegeticOcto the Demonspawn Fire Elementalist began the
                  | quest for the Orb.
     0 | D:1      | Reached XP level 1. HP: 13/13 MP: 3/3
   292 | D:1      | Reached skill level 3 in Fire Magic
   439 | D:1      | Gained mutation: You are partially covered in yellow
                  | scales. (AC +2) [demonic ancestry]
   439 | D:1      | Reached XP level 2. HP: 19/19 MP: 3/5
   554 | D:1      | Learned a level 2 spell: Throw Flame
   994 | D:2      | Noticed Sigmund
  1165 | D:2      | Gained mutation: You have a pair of small antennae on your
                  | head. [demonic ancestry]
  1165 | D:2      | Reached XP level 3. HP: 24/24 MP: 3/6
  1428 | D:2      | Found a faded altar of an unknown god.
  1726 | D:2      | Learned a level 3 spell: Conjure Flame
  1980 | D:3      | Reached skill level 4 in Fire Magic
  2186 | D:3      | Reached XP level 4. HP: 27/30 MP: 0/7
  2886 | D:4      | Reached XP level 5. HP: 13/35 MP: 4/8
  3479 | D:4      | Reached skill level 5 in Fire Magic
  3596 | D:4      | Found a hazy altar of Hepliaklqana.
  3961 | D:4      | Gained mutation: You are immune to rotting. [demonic
                  | ancestry]
  3961 | D:4      | Reached XP level 6. HP: 41/41 MP: 7/10
  4052 | D:4      | Noticed Ijyb
  4059 | D:4      | Killed Ijyb
  4264 | D:5      | Entered Level 5 of the Dungeon
  4503 | D:5      | Slain by a water moccasin skeleton

Vault maps used:
D:1:      saegor_arrival_under_anarchy, serial_co_window_serial,
          co_window_paths_b, co_window_corner_a, co_window_paths_b,
          co_window_paths_b, co_window_paths_a, co_window_cross_2,
          co_window_2corner, co_window_2corner, co_window_of_opportunity_b,
          co_window_of_opportunity_b, co_window_paths_e, co_window_4corner_b,
          glass_columns_c
D:2:      chequers_ecumenical_altar_simple_redux, solitary_fountain,
          wander_ebering_terrifying_dragon_lair, uniq_sigmund
D:3:      minmay_misc_feat_square
D:4:      kennysheep_goblin_castle, kennysheep_mini,
          chequers_serial_rivers_micro_a, minmay_bisected
D:5:      grunt_temple_overflow_open, serial_shops, shop_statue, first_ration,
          minmay_liquid_box, uniq_menkaure

Skill      XL: |  1  2  3  4  5 |
---------------+----------------+-----
Fire Magic     | 3 4 5 |  5.6
Spellcasting   | 3 |  3.3
Dodging        | |  1.7
Stealth        | |  1.7
Conjurations   | |  1.8

Action                   |  1- 3 |  4- 6 || total
-------------------------+-------+-------++-------
Melee: Whip              |    18 |     8 ||    26
 Cast: Flame Tongue      |    72 |    95 ||   167
       Throw Flame       |       |     2 ||     2
  Use: Potion            |       |     1 ||     1
       Scroll            |       |    12 ||    12
  Eat: Chunk             |     5 |     7 ||    12
Armor: Robe              |    10 |     9 ||    19
Dodge: Dodged            |    47 |    38 ||    85
       Rpst.: Scimitar   |       |     5 ||     5

Table legend:
 A = Non-vault XP
 B = Vault XP
 C = Vault XP percentage of total XP
 D = Non-vault monster count
 E = Vault monster count
 F = Vault count percentage of total count
                 A         B        C        D         E       F
            +---------+---------+-------+---------+---------+-------
      Total |     420 |      58 |  12.1 |      74 |      14 |  15.9
            +---------+---------+-------+---------+---------+-------
        D:1 |      14 |       0 |   0.0 |       9 |       0 |   0.0
        D:2 |      46 |       1 |   2.1 |      19 |       1 |   5.0
        D:3 |     115 |       0 |   0.0 |      32 |       0 |   0.0
        D:4 |     190 |      57 |  23.1 |       8 |      13 |  61.9
        D:5 |      55 |       0 |   0.0 |       6 |       0 |   0.0
            +---------+---------+-------+---------+---------+-------
